 Dungeon Sprint DCSS version 0.26.1-10-gdfb7c7de75 (webtiles) character file.

Game seed: 6631670760063690073

25 phalm the Sneak (level 2, -5/13 HPs)
             Began as a Spriggan Enchanter on Apr 8, 2021.
             Slain by a fire bat (8 damage)
             ... in the Dungeon (Sprint I: "Red Sonja").
             The game lasted 00:00:38 (44 turns).

phalm the Sneak (Spriggan Enchanter)                  Turns: 44, Time: 00:00:39

Health: -5/13      AC:  2    Str:  4    XL:     2   Next: 82%
Magic:  8/8        EV: 20    Int: 16    God:
Gold:   0          SH:  0    Dex: 16    Spells: 8/9 levels left

rFire    . . .     SeeInvis +   a - +1 dagger
rCold    . . .     Faith    .   (shield restricted)
rNeg     . . .     Spirit   .   b - +0 robe
rPois    .         Reflect  .   (helmet restricted)
rElec    .         Harm     .   (no cloak)
rCorr    .         Rampage  .   (gloves unavailable)
Will     .....     NoTele   +   (boots unavailable)
Stlth    +++.......             (no amulet)
HPRegen  0.04/turn              (no ring)
MPRegen  0.11/turn              (no ring)

@: very quick
A: very small, unfitting armour, see invisible, speed 3
a: no special abilities


You were in the Dungeon.
You visited 1 branch

Inventory:

Hand Weapons
 a - a +1 dagger (weapon)
Armour
 b - a +0 robe (worn)
Wands
 c - a wand of polymorph (5)
Scrolls
 i - a scroll of blinking
Potions
 d - a potion of curing
 e - a potion of heal wounds
 f - a potion of haste
 g - 2 potions of magic
 h - a potion of berserk rage
 j - a potion of attraction {unknown}


   Skills:
 + Level 2.9 Short Blades
 + Level 4.6 Dodging
 + Level 5.9 Stealth
 + Level 4.0 Spellcasting
 + Level 4.7 Hexes


You had 8 spell levels left.
You knew the following spells:

 Your Spells              Type           Power        Failure   Level
a - Corona                Hex            20%          2%          1

Your spell library contained the following spells:

 Spells                   Type           Power        Failure   Level
 Confusing Touch          Hex            18%          7%          3
 Tukima's Dance           Hex            18%          7%          3
 Ensorcelled Hibernation  Hex/Ice        20%          10%         2
 Dazzling Flash           Conj/Hex       20%          19%         3


Dungeon Overview and Level Annotations

Branches:
Dungeon (1/1)

Altars:


Innate Abilities, Weirdness & Mutations

You are very small and have problems with some larger weapons.
You are too small for most types of armour.
You have supernaturally acute eyesight. (SInv)
You cover ground extremely quickly.


Message History

Aiming: Polymorph
Press: ? - help, Shift-Dir - straight line, f/p - ogre
Aim: an ogre, wielding a +0 giant club (lightly wounded, softly glowing, will become an ice beast, a sky beast, or a tengu, chance to affect: 46%)
The ogre evaporates and reforms as a tengu!
Aiming: Polymorph
Press: ? - help, Shift-Dir - straight line, f/p - tengu
Aim: a tengu (will become a fire bat, a wyvern, or a hornet, chance to affect: 46%)
The tengu resists with some effort.
The tengu misses you. The tengu completely misses you.
The tengu closely misses you.
Aiming: Polymorph
Press: ? - help, Shift-Dir - straight line, f/p - tengu
Aim: a tengu (will become a fire bat, a wyvern, or a hornet, chance to affect: 46%)
The tengu evaporates and reforms as a fire bat!
The fire bat completely misses you. The fire bat misses you.
You barely miss the fire bat. The fire bat bites you.
* * * LOW HITPOINT WARNING * * *
You are engulfed in flames!
Ouch! That really hurt!
You die...

##########
#<.#.)'..#
#..'.)#..+
#..#### +#
#b.# #@.#
#..# #⌠⌠#
####


You could see a fire bat.

Vanquished Creatures
  Ijyb (D)
1 creature vanquished.

Notes
Turn   | Place    | Note
-------+----------+-------------------------------------------
     0 | D        | phalm the Spriggan Enchanter began the quest for the Orb.
     0 | D        | Reached XP level 1. HP: 9/9 MP: 5/5
     2 | D        | Noticed Ijyb
     7 | D        | Killed Ijyb
     8 | D        | Reached skill level 5 in Stealth
     8 | D        | Reached XP level 2. HP: 13/13 MP: 6/8
    31 | D        | Noticed an ogre
    38 | D        | Noticed a tengu
    38 | D        | an ogre changed into a tengu
    41 | D        | Noticed a fire bat
    41 | D        | a tengu changed into a fire bat
    44 | D        | Slain by a fire bat

Illustrated notes

Levels and vault maps discovered:
D:        dungeon_sprint_1 [red_sonja_temple_1, red_sonja_temple_small_1]

Skill      XL: |  1 |
---------------+----+-----
Short Blades   | 2 |  2.9
Dodging        | 4 |  4.6
Stealth        | 5 |  5.9
Spellcasting   | 4 |  4.0
Hexes          | 4 |  4.7

Action                   || total
-------------------------++-------
Melee: Dagger            ||     8
 Cast: Corona            ||     1
Evoke: Wand              ||     3
 Stab: Sleeping          ||     1
Dodge: Dodged            ||     8
